 Dungeon Crawl Stone Soup version 0.29.1-15-g9cfb28693d (webtiles) character file.

Game seed: 10054384239126100800

128 Mickster the Trooper (level 4, -13/38 (41) HPs)
             Began as a Demigod Fighter on Mar 8, 2023.
             Mangled by an ogre
             ... wielding a +0 giant club
              (25 damage)
             ... on level 4 of the Dungeon.
             The game lasted 00:18:21 (2166 turns).

Mickster the Trooper (Demigod Fighter)              Turns: 2166, Time: 00:18:21

HP:   -13/38 (41)   AC:  6    Str: 21    XL:     4   Next: 58%
MP:   6/6           EV:  9    Int: 10    God:
Gold: 138           SH:  4    Dex: 13    Spells: 3/3 levels left

rFire   . . .      SeeInvis .   j - +2 short sword (venom)
rCold   . . .      Faith    .   c - +0 buckler
rNeg    . . .      Spirit   .   b - +0 scale mail
rPois   .          Reflect  .   (no helmet)
rElec   .          Harm     .   (no cloak)
rCorr   .          Rampage  .   (no gloves)
Will    .....                   (no boots)
Stlth   ..........              (no amulet)
HPRegen 0.12/turn               (no ring)
MPRegen 0.10/turn               (no ring)

@: drained
A: high MP 1, forlorn, divine attributes, robust 1, noise suppression
a: no special abilities


You were on level 4 of the Dungeon.
You visited 1 branch of the dungeon, and saw 4 of its levels.

You collected 138 gold pieces.

Inventory:

Hand Weapons
 a - a +0 war axe
 e - a +0 long sword
 j - a +2 short sword of venom (weapon)
 l - a +0 sling
 m - a +0 falchion
 q - a +1 dagger of draining
Missiles
 f - 4 poisoned darts (quivered)
 g - 22 stones
 h - 3 boomerangs
 o - 3 javelins
Armour
 b - a +0 scale mail (worn)
 c - a +0 buckler (worn)
 r - a +0 chain mail
Wands
 i - a wand of roots (6)
Scrolls
 k - a scroll of teleportation
 p - a scroll of identify
Potions
 d - a potion of might


   Skills:
 + Level 3.5 Fighting
 * Level 1.6 Short Blades
 - Level 2.1 Axes
 + Level 3.4 Armour
 + Level 0.3 Dodging
 + Level 0.1 Stealth
 + Level 3.2 Shields


You had 3 spell levels left.
You didn't know any spells.
Your spell library contained the following spells:

 Spells                   Type           Power      Damage    Failure   Level
 Ensorcelled Hibernation  Hex/Ice        0%         N/A       90%         2
 Passwall                 Tmut/Erth      0%         N/A       90%         2
 Sublimation of Blood     Necr           0%         N/A       90%         2
 Wereblood                Tmut           0%         N/A       90%         2
 Swiftness                Air            0%         N/A       99%         3
 Summon Hydra             Summ           0%         N/A       100%        7


Dungeon Overview and Level Annotations

Branches:
Dungeon (4/15)             Temple (0/1) D:4


Innate Abilities, Weirdness & Mutations

You have an increased reservoir of magic. (+10% MP)
You shall have no god before yourself.
Your divine heritage dramatically boosts your attributes as you level up.
You are robust. (+10% HP)
You passively dampen the noise of your surroundings.


Message History

You feel drained.
You hit the orc but do no damage.
The orc is poisoned.
The orc is severely wounded.
You block the orc's attack.
You hit the orc.
The orc looks even sicker.
The orc is almost dead.
The orc barely misses you. You block the orc's attack.
You hit the orc but do no damage.
The orc is almost dead.
You kill the orc!
Things that are here:
a +1 dagger of draining; a +0 chain mail; an orc corpse
Things that are here:
a +1 dagger of draining; a +0 chain mail; an orc corpse
Items here: )))) [[[[ †††.
Okay, then.
Things that are here:
a +1 dagger of draining; a +0 chain mail; an orc corpse
q - a +1 dagger of draining;
r - a +0 chain mail You start resting.
HP restored.
You start waiting.
Done waiting.
As you read the scroll labelled ARHONE TOYLURR, it crumbles to dust.
You feel aware of your surroundings.
You sensed 1 shop/portal.
It was a scroll of magic mapping.
Found 13 gold pieces.
Found 5 stones.
An ogre comes into view. It is wielding a +0 giant club.
The ogre shouts!
The ogre moves out of view.
You see here 13 gold pieces.
The ogre hits you with a +0 giant club!!
Ouch! That really hurt!
* * * LOW HITPOINT WARNING * * *
You hit the ogre.
The ogre is moderately wounded.
The ogre hits you with a +0 giant club!!
Ouch! That really hurt!
You die...

*******,*,**,,,******
*#####***,*,**,,,* *,,
#,..#.,,,,*,**,,,* *,*
#.#.#.*****,*********,*
#.#...,,,,,,,,,,,,,,,,*
#.....###**,***********
#.......# *,* #.....(.# *,*
***######O@.##*,*
*,,..........#*,#**********
*,*######.$..##.##,,,,,,,,,
*,* #........#,********
**,**#####....#####.* *
*,,,,...............* *
*****#####.#.#######* *
#.#.# * #.#.####### *


You could see an ogre.

Vanquished Creatures
  An orc priest (D:4)
  An orc wizard (D:4)
  3 adders
  A worm (D:3)
  A dart slug (D:3)
  4 orcs
  A bat (D:2)
  2 endoplasms
  3 giant cockroaches
  4 goblins
  4 hobgoblins (D:2)
  4 ball pythons
  A frilled lizard (D:2)
  4 kobolds
  4 rats
38 creatures vanquished.

Notes
Turn   | Place    | Note
-------+----------+-------------------------------------------
     0 | D:1      | Mickster the Demigod Fighter began the quest for the Orb.
     0 | D:1      | Reached XP level 1. HP: 18/18 MP: 3/3
    48 | D:1      | You fall into a shaft and drop 1 floor!
    65 | D:2      | Gained mutation: You passively dampen the noise of your
                  | surroundings. [potion of mutation]
    65 | D:2      | Gained mutation: You are robust. (+10% HP) [potion of
                  | mutation]
   212 | D:2      | Reached XP level 2. HP: 5/27 MP: 4/4
   731 | D:2      | Reached XP level 3. HP: 34/34 MP: 5/5
  1797 | D:4      | Reached skill level 1 in Short Blades
  1797 | D:4      | Reached XP level 4. HP: 32/41 MP: 6/6
  2160 | D:4      | Noticed an ogre
  2166 | D:4      | Mangled by an ogre

Illustrated notes

Levels and vault maps discovered:
D:1:      kilobyte_arrival_exit_the_forest, layout_rooms,
          hellmonk_ecumenical_altar_inner_sanctum
D:2:      layout_loops_ring, nicolae_concentric_dashed_squares_wild
D:3:      layout_basic, xom_teletrap_fun, serial_rivers,
          chequers_serial_rivers_room_a, chequers_serial_rivers_micro_d,
          chequers_serial_rivers_large_b, chequers_serial_rivers_micro_c,
          chequers_serial_rivers_small_3, portal_sewer_entry_e, minmay_ruptured
D:4:      layout_basic, temple_green, nicolae_shop_i_like_big_books

Skill      XL: |  1  2  3 |
---------------+----------+-----
Axes           | 2 |  2.1
Fighting       | 3 |  3.5
Shields        | 3 |  3.2
Armour         | 3 |  3.4
Short Blades   | 1 |  1.6
Dodging        | |  0.3
Stealth        | |  0.1

Action                   |  1- 3 |  4- 6 || total
-------------------------+-------+-------++-------
Melee: War axe           |    43 |       ||    43
       Short sword       |    57 |    22 ||    79
Evoke: Wand              |     1 |       ||     1
  Use: Scroll            |     4 |     1 ||     5
       Potion            |     2 |       ||     2
Armor: Scale mail        |    40 |    15 ||    55
Dodge: Dodged            |    45 |     6 ||    51
Block: Buckler           |    23 |     4 ||    27
